 Dungeon Crawl Stone Soup version 0.23.2 (webtiles) character file.

Game seed: 15900141957688980899

12805 PikkenKukken the Grappler (level 11, -3/109 HPs)
             Began as a Troll Earth Elementalist on Apr 4, 2019.
             Was a High Priest of Okawaru.
             Slain by a four-headed hydra (12 damage)
             ... on level 1 of the Lair of Beasts.
             The game lasted 00:33:19 (11365 turns).

PikkenKukken the Grappler (TrEE)                   Turns: 11365, Time: 00:33:20

Health: -3/109     AC:  7    Str: 18    XL:     11   Next: 67%
Magic:  14/14      EV: 13    Int: 14    God:    Okawaru [*****.]
Gold:   631        SH:  0    Dex: 10    Spells: 11/15 levels left

rFire    . . .     SeeInvis +     - Unarmed
rCold    . . .     Gourm    +   (no shield)
rNeg     + . .     Faith    .   C - +1 robe {rN+}
rPois    .         Spirit   .   (helmet restricted)
rElec    .         Reflect  .   (no cloak)
rCorr    +         Harm     .   (gloves unavailable)
MR       .....                  (boots unavailable)
Stlth    +.........             (no amulet)
HPRegen  0.68/turn              h - ring of see invisible
MPRegen  0.14/turn              G - ring of resist corrosion

@: hasted, very quick
A: large, unfitting armour, claws 3, fast metabolism 3, gourmand, regeneration
1, shaggy fur 1, tough skin 3
a: Heroism, Finesse, Renounce Religion


You were on level 1 of the Lair of Beasts.
You worshipped Okawaru.
Okawaru was extremely pleased with you.
You were not hungry.

You visited 2 branches of the dungeon, and saw 12 of its levels.
You also visited: Sewer.

You collected 631 gold pieces.

Inventory:

Hand Weapons
 B - a +0 dagger
Missiles
 b - 273 stones
 l - 4 throwing nets
 E - 3 javelins (quivered)
Armour
 c - a +0 robe
 s - a +0 shield
 C - a +1 robe of positive energy (worn)
 K - the +1 troll leather armour of the Barracuda {MR- Regen+ Int+3}
   (Okawaru gifted it to you on level 1 of the Lair of Beasts)

   It affects your intelligence (+3).
   It affects your resistance to hostile enchantments.
   It increases your rate of regeneration.
Jewellery
 e - a cursed ring of attention {unknown}
 h - a ring of see invisible (left claw)
 k - an uncursed ring of fire {unknown}
 n - an uncursed ring of protection from magic {unknown}
 x - a +4 ring of protection {unknown}
 A - an uncursed ring of protection from magic {unknown}
 G - a ring of resist corrosion (right claw)
Wands
 D - a wand of flame (24)
 I - a wand of scattershot (7)
Scrolls
 a - a scroll of fear
 j - 9 scrolls of teleportation
 m - a scroll of fog
 q - a scroll of identify
 r - 3 scrolls of enchant weapon
 t - a scroll of amnesia
 v - 3 scrolls of magic mapping
 y - a scroll of immolation
Potions
 f - a potion of mutation
 g - 5 potions of brilliance
 i - 2 potions of flight
 o - 8 potions of heal wounds
 p - 9 potions of curing
 u - a potion of haste
 w - a potion of berserk rage
 z - 2 potions of lignification
 F - 2 potions of might
 H - a potion of ambrosia {unknown}
 J - a potion of invisibility {unknown}
Comestibles
 d - 19 rations


   Skills:
 - Level 7.0 Fighting
 - Level 5.0 Throwing
 + Level 0.2 Armour
 - Level 8.0 Dodging
 - Level 1.0 Stealth
 - Level 10.4 Unarmed Combat
 + Level 2.7 Spellcasting
 + Level 3.0 Necromancy
   Level 0.6 Transmutations
 + Level 4.4 Earth Magic
 - Level 3.1 Invocations


You had 11 spell levels left.
You knew the following spells:

 Your Spells              Type           Power        Failure   Level  Hunger
a - Sandblast             Erth           ##....       3%          1    #......
b - Regeneration          Chrm/Necr      #.........   34%         3    ###....

Your spell library contained the following spells:

 Spells                   Type           Power        Failure   Level  Hunger
 Sublimation of Blood     Necr           ##........   10%         2    ###....
 Passwall                 Tmut/Erth      #.......     12%         2    ###....
 Infusion                 Chrm           #...         22%         1    #......
 Stone Arrow              Conj/Erth      #.....       26%         3    ###....
 Shroud of Golubria       Chrm/Tloc      #.........   32%         2    ###....
 Song of Slaying          Chrm           #.......     32%         2    ###....
 Ignite Poison            Fire/Tmut/Pois #.......     52%         3    ###....
 Spectral Weapon          Hex/Chrm       #.......     54%         3    ###....
 Petrify                  Tmut/Erth      #.......     61%         4    #####..
 Lee's Rapid Deconstruct  Erth           ##........   69%         5    ######.
 Alistair's Intoxication  Tmut/Pois      #.......     99%         5    ######.
 Irradiate                Conj/Tmut      #.........   99%         5    ######.


Dungeon Overview and Level Annotations

Branches:
Dungeon (10/15)            Temple (0/1) D:6            Lair (2/6) D:10
  Swamp: Lair:2-4    Shoals: Lair:2-4     Snake: Lair:2-4    Spider: Lair:2-4
    Orc: D:9-12

Altars:
Fedhas
Hepliaklqana
Nemelex Xobeh
Okawaru
Qazlal
Wu Jian
Zin


Innate Abilities, Weirdness & Mutations

You are too large for most types of armour.
You have claws for hands.
Your metabolism is lightning-fast.
You like to eat raw meat.
Your natural rate of healing is unusually fast.
You are covered in fur. (AC +1)
You have extremely tough skin. (AC +3)


Message History

The javelin hits the four-headed hydra!!
The four-headed hydra is severely wounded.
The four-headed hydra bites you!
The four-headed hydra bites you but does no damage.
The four-headed hydra barely misses you.
The four-headed hydra bites you!
* * * LOW HITPOINT WARNING * * *
The four-headed hydra misses you.
The four-headed hydra bites you but does no damage.
The four-headed hydra closely misses you.
The four-headed hydra misses you.
You climb upwards.
There is a stone staircase leading down here.
Okay, then.
You feel yourself speed up. The four-headed hydra bites you.
* * * LOW HITPOINT WARNING * * *
The four-headed hydra bites you!
* * * LOW HITPOINT WARNING * * *
The four-headed hydra bites you!
You die...

...............................#
..............................##
#.##.........>................#
#####......P#..#..###.......###
#####.###......###..#####
#..#.............#
##.#.............##
#................#
##..#P...@........#
##P..##..D...####..########
#######..............##..##.....#
#....................##...<......
##........................#......
#.........................#......
#.....##.............#....P......
##....##..####.#.##..............
#................###.....[.......


You could see a four-headed hydra.

Vanquished Creatures
  Gastronok (D:10)
  Harold (Lair:1)
  Erica (D:8)
  A two-headed ogre (D:7)
  Urug (D:10)
  An oklob plant (D:10)
  A rime drake (Lair:1)
  A komodo dragon (Lair:1)
  2 hippogriffs
  5 yaks (Lair:1)
  A hungry ghost (D:9)
  Grum (D:10)
  A basilisk (Lair:1)
  Menkaure (D:4)
  4 water moccasins
  A porcupine (Lair:1)
  2 sky beasts (D:9)
  An orc warrior (D:6)
  4 black bears
  4 ice beasts (D:9)
  8 ogres
  3 wolves (D:10)
  3 phantoms
  6 centaurs
  2 crocodiles
  5 big kobolds
  2 bullfrogs (Lair:1)
  A wyvern zombie (D:9)
  A wyvern skeleton (D:9)
  4 scorpions
  4 killer bees (D:10)
  5 wights (D:6)
  4 howler monkeys
  4 crimson imps
  A jelly (D:7)
  9 orc wizards
  2 gnoll shamans (D:8)
  2 orc priests (D:6)
  9 hounds
  A bullfrog skeleton (D:7)
  2 centaur skeletons (D:6)
  4 iguanas
  8 worker ants
  2 hound skeletons
  A worker ant zombie (D:9)
  9 adders
  10 gnolls
  A howler monkey skeleton (D:4)
  2 shadow imps
  3 oozes
  An adder skeleton (D:6)
  2 worms
  2 dart slugs
  5 leopard geckos
  29 orcs
  6 ball pythons
  7 giant cockroaches
  7 goblins
  17 hobgoblins
  20 jackals
  21 kobolds
  7 quokkas
  13 bats
  5 frilled lizards
  A jackal skeleton (D:4)
  A jackal zombie (D:6)
  7 rats
  2 plants
306 creatures vanquished.

Vanquished Creatures (others)
  2 plants
2 creatures vanquished.

Grand Total: 308 creatures vanquished

Notes
Turn   | Place    | Note
-------+----------+-------------------------------------------
     0 | D:1      | PikkenKukken the Troll Earth Elementalist began the quest
                  | for the Orb.
     0 | D:1      | Reached XP level 1. HP: 16/16 MP: 1/1
    67 | D:1      | Reached XP level 2. HP: 24/26 MP: 0/2
   238 | D:1      | Reached skill level 1 in Unarmed Combat
   284 | D:1      | Reached skill level 1 in Throwing
   284 | D:1      | Reached XP level 3. HP: 32/32 MP: 3/3
   511 | D:2      | Reached skill level 1 in Fighting
   541 | D:2      | Found an iron altar of Okawaru.
   554 | D:2      | Became a worshipper of Warmaster Okawaru
   706 | D:2      | Found an iron altar of Okawaru.
   831 | D:2      | Reached XP level 4. HP: 41/41 MP: 2/4
  1402 | D:2      | Reached skill level 1 in Invocations
  1435 | D:3      | Reached skill level 2 in Unarmed Combat
  1435 | D:3      | Reached XP level 5. HP: 21/49 MP: 3/5
  1508 | D:3      | Noticed a black bear
  1703 | D:3      | Found an ornate altar of the Wu Jian Council.
  2184 | D:4      | Reached * piety under Okawaru
  2189 | D:4      | Noticed a phantom
  2190 | D:4      | Noticed an ogre
  2197 | D:4      | Noticed a phantom
  2203 | D:4      | Killed an ogre
  2203 | D:4      | Reached XP level 6. HP: 51/57 MP: 3/6
  2294 | D:3      | Found a glowing silver altar of Zin.
  2295 | D:3      | Found a blossoming altar of Fedhas.
  2315 | D:3      | Reached skill level 3 in Unarmed Combat
  2477 | D:4      | Found a sparkling altar of Nemelex Xobeh.
  2701 | D:4      | Found a glowing drain.
  2717 | Sewer    | Entered a sewer
  2815 | Sewer    | Reached XP level 7. HP: 66/66 MP: 4/7
  3056 | D:4      | Noticed Menkaure
  3062 | D:4      | Killed Menkaure
  3089 | D:4      | Reached ** piety under Okawaru
  3331 | D:4      | Reached skill level 4 in Unarmed Combat
  3331 | D:4      | Reached XP level 8. HP: 73/75 MP: 3/9
  3582 | D:5      | Entered Level 5 of the Dungeon
  4246 | D:6      | Reached skill level 5 in Unarmed Combat
  4281 | D:6      | Found a stormy altar of Qazlal.
  4506 | D:6      | Reached XP level 9. HP: 69/85 MP: 10/10
  4577 | D:6      | Reached *** piety under Okawaru
  4602 | D:6      | Reached skill level 5 in Dodging
  4605 | D:6      | Reached skill level 5 in Throwing
  4609 | D:6      | Found a staircase to the Ecumenical Temple.
  5430 | D:7      | Reached skill level 6 in Unarmed Combat
  5438 | D:7      | Reached skill level 5 in Fighting
  6222 | D:8      | Noticed a two-headed ogre
  6233 | D:7      | Killed a two-headed ogre
  6233 | D:7      | Reached **** piety under Okawaru
  6339 | D:8      | Reached skill level 7 in Unarmed Combat
  7000 | D:8      | Reached XP level 10. HP: 98/98 MP: 8/11
  7036 | D:8      | Noticed Erica
  7050 | D:8      | Killed Erica
  7663 | D:9      | Found a hazy altar of Hepliaklqana.
  7669 | D:9      | Reached skill level 8 in Unarmed Combat
  7675 | D:9      | Reached ***** piety under Okawaru
  7811 | D:9      | Learned a level 3 spell: Regeneration
  8107 | D:9      | Received a gift from Okawaru
  8361 | D:10     | Entered Level 10 of the Dungeon
  8419 | D:10     | Noticed an oklob plant
  8895 | D:10     | Noticed Urug
  8905 | D:10     | Noticed Gastronok
  8913 | D:10     | Killed Urug
  8913 | D:10     | Reached skill level 9 in Unarmed Combat
  9129 | D:10     | Found a staircase to the Lair.
  9176 | D:10     | Noticed Grum
  9189 | D:10     | Killed Grum
  9192 | D:10     | Reached XP level 11. HP: 66/109 MP: 10/12
  9569 | D:10     | Killed Gastronok
  9569 | D:10     | Reached skill level 10 in Unarmed Combat
  9680 | D:10     | Found a staircase to the Lair.
 10181 | D:10     | Killed an oklob plant
 10190 | Lair:1   | Entered Level 1 of the Lair of Beasts
 10256 | Lair:1   | Reached skill level 1 in Necromancy
 10345 | Lair:1   | Received a gift from Okawaru
 10441 | Lair:1   | Noticed Harold
 10643 | Lair:1   | Killed Harold
 11075 | Lair:1   | Received a gift from Okawaru
 11078 | Lair:1   | Got a translucent troll leather armour {god gift}
 11089 | Lair:1   | Identified the +1 troll leather armour of the Barracuda
                  | {MR- Regen+ Int+3} (Okawaru gifted it to you on level 1 of
                  | the Lair of Beasts)
 11346 | Lair:2   | Noticed a four-headed hydra
 11365 | Lair:1   | Slain by a four-headed hydra

Skill      XL: |  1  2  3  4  5  6  7  8  9 10 11 |
---------------+----------------------------------+-----
Unarmed Combat | 1 2 3 4 5 7 9 10 | 10.4
Throwing       | 1 2 3 4 5 |  5.0
Dodging        | 2 3 4 6 8 |  8.0
Fighting       | 1 2 3 4 6 7 |  7.0
Invocations    | 1 2 3 |  3.1
Earth Magic    | 4 |  4.4
Necromancy     | 3 |  3.0
Spellcasting   | 2 |  2.7
Armour         | |  0.2
Stealth        | |  1.0
Transmutations | |  0.6

Action                   |  1- 3 |  4- 6 |  7- 9 | 10-12 || total
-------------------------+-------+-------+-------+-------++-------
Melee: Unarmed           |   106 |   162 |   387 |   343 ||   998
       Punch             |       |     1 |     9 |    18 ||    28
Throw: Stone             |       |       |    15 |     1 ||    16
       Javelin           |       |       |       |    10 ||    10
       Large rock        |       |       |       |     3 ||     3
 Cast: Sandblast         |    13 |    11 |    10 |       ||    34
Invok: Heroism           |       |     4 |    18 |    19 ||    41
       Finesse           |       |       |       |     4 ||     4
  Use: Scroll            |     3 |     2 |    14 |     3 ||    22
       Potion            |       |       |     1 |     2 ||     3
 Stab: Sleeping          |       |       |     3 |       ||     3
       Distracted        |       |       |     1 |     1 ||     2
  Eat: Chunk             |    14 |    19 |    39 |    30 ||   102
       Ration            |       |       |       |     3 ||     3
Armor: Robe              |    69 |    57 |   100 |    60 ||   286
Dodge: Dodged            |    74 |    82 |   187 |   204 ||   547
